 Dungeon Crawl Stone Soup version 0.23.2-1-ga50397a (webtiles) character file.

Game seed: 912495159007452634

79 kae the Insei (level 3, -7/29 HPs)
             Began as a Demigod Transmuter on May 11, 2019.
             Mangled by a gnoll
             ... wielding a +2 whip of venom
              (8 damage)
             ... on level 2 of the Dungeon.
             The game lasted 00:03:28 (2580 turns).

kae the Insei (Demigod Transmuter)                  Turns: 2580, Time: 00:03:29

Health: -7/29      AC:  2    Str: 13    XL:     3   Next: 95%
Magic:  7/9        EV: 13    Int: 17    God:
Gold:   90         SH:  4    Dex: 20    Spells: 3/6 levels left

rFire    + . .     SeeInvis .     - Unarmed
rCold    + . .     Gourm    .   (no shield)
rNeg     . . .     Faith    .   b - +0 robe
rPois    .         Spirit   .   (no helmet)
rElec    .         Reflect  .   j - scarf {rC+ rF+}
rCorr    .         Harm     .   (no gloves)
MR       .....                  (no boots)
Stlth    ++........             (no amulet)
HPRegen  0.09/turn              (no ring)
MPRegen  0.11/turn              (no ring)

@: lethally poisoned (-7 -> -28)
A: hooves 1, large bone plates 1, agile 1, high mp 1
a: no special abilities


You were on level 2 of the Dungeon.
You were not hungry.

You visited 1 branch of the dungeon, and saw 3 of its levels.

You collected 90 gold pieces.

Inventory:

Missiles
 a - 33 arrows
Armour
 b - a +0 robe (worn)
 j - a scarf of resistance (worn)
Jewellery
 l - an uncursed ring of see invisible {unknown}
Potions
 g - a potion of ambrosia {unknown}
 i - a potion of lignification {unknown}
Comestibles
 c - 2 chunks of flesh
 d - 2 rations


   Skills:
 + Level 1.7 Fighting
 + Level 2.3 Dodging
 + Level 3.2 Unarmed Combat
 + Level 2.2 Spellcasting
 + Level 2.3 Transmutations


You had 3 spell levels left.
You knew the following spells:

 Your Spells              Type           Power        Failure   Level  Hunger
a - Beastly Appendage     Tmut           #.....       7%          1    #......
b - Sticks to Snakes      Tmut           #.......     11%         2    ###....

Your spell library contained the following spells:

 Spells                   Type           Power        Failure   Level  Hunger
 Spider Form              Tmut/Pois      #.........   34%         3    ###....
 Ice Form                 Ice/Tmut       #.......     75%         4    #####..
 Blade Hands              Tmut           #.........   89%         5    ######.


Dungeon Overview and Level Annotations

Branches:
Dungeon (3/15)


Innate Abilities, Weirdness & Mutations

You have an increased reservoir of magic. (+10% MP)
You have large cloven feet.
You are partially covered in large bone plates. (SH +4)
You are agile. (Dex +2)


Message History

You feel sick.
You feel sick.
The gnoll hits you with a +2 whip of venom.
You are lethally poisoned!
You feel sick. The gnoll closely misses you.
You feel sick.
You feel sick.
You feel sick.
You feel sick.
You feel sick.
Casting: Sticks to Snakes (safe; 11% risk of failure)
Confirm with . or Enter, or press ? or * to list all spells.
You create a snake!
You now have 33 arrows.
You feel sick.
The gnoll hits you with a +2 whip of venom.
* * * LOW HITPOINT WARNING * * *
You are more poisoned.
* * * LOW HITPOINT WARNING * * *
You feel sick.
The gnoll hits you with a +2 whip of venom!
You die...

.# #.............###......###.
.######........#)#...##..........
................<.......)..######
.######.#.##...#.#.).#...### .#
#.#.######....(.....# .# #.#.#
#.#####...## .## #.#.# #.# #.>##
..# #.#.# #S# #.## ..# #.#.# #@#
#.# ..#####.#.# #g# #.#
#.#...#.#.# #.#####.# ........#.#
##.#.#.#.## ###...###.#
#.........# ##.## #.##
##.##'##.## #.# #..####..#...#..#
#.# ##.##..#.+...'.## #.#
#.##.#..#...#..#


You could see a gnoll and a friendly ball python.

Vanquished Creatures
  2 adders
  A gnoll (D:2)
  3 worms (D:2)
  A leopard gecko (D:2)
  5 bats
  2 giant cockroaches
  5 goblins
  7 hobgoblins
  4 jackals (D:2)
  3 frilled lizards (D:2)
  4 kobolds (D:2)
  2 rats (D:1)
39 creatures vanquished.

Notes
Turn   | Place    | Note
-------+----------+-------------------------------------------
     0 | D:1      | kae the Demigod Transmuter began the quest for the Orb.
     0 | D:1      | Reached XP level 1. HP: 15/15 MP: 5/5
    20 | D:1      | You fall through a shaft!
   134 | D:2      | Reached skill level 1 in Fighting
   183 | D:2      | Reached XP level 2. HP: 14/23 MP: 5/7
  1132 | D:1      | Reached skill level 3 in Unarmed Combat
  1229 | D:1      | Learned a level 2 spell: Sticks to Snakes
  1276 | D:2      | Reached XP level 3. HP: 14/28 MP: 5/8
  1754 | D:2      | Found a glowing golden altar of the Shining One.
  2224 | D:3      | Gained mutation: You are partially covered in large bone
                  | plates. (SH +4) [potion of mutation]
  2224 | D:3      | Gained mutation: You are agile. (Dex +2) [potion of
                  | mutation]
  2224 | D:3      | Gained mutation: You have large cloven feet. [potion of
                  | mutation]
  2248 | D:2      | HP: 1/28 [poisoned by a gnoll]
  2580 | D:2      | HP: 1/29 [poisoned by a gnoll]
  2580 | D:2      | Mangled by a gnoll

Skill      XL: |  1  2 |
---------------+-------+-----
Fighting       | 1 |  1.7
Dodging        | 2 |  2.3
Transmutations | 2 |  2.3
Spellcasting   | 2 |  2.2
Unarmed Combat | 3 |  3.2

Action                   || total
-------------------------++-------
Melee: Unarmed           ||   147
       Headbutt          ||    14
       Kick              ||     7
       Punch             ||     1
 Cast: Beastly Appendage ||    11
       Sticks to Snakes  ||     6
  Use: Scroll            ||     3
       Potion            ||     2
 Stab: Sleeping          ||     2
  Eat: Chunk             ||     6
Armor: Robe              ||    35
Dodge: Dodged            ||   108
Block: Other             ||     3
